 Dungeon Crawl Stone Soup version 0.27-a0-797-g27d10ad80f (webtiles) character file.

Game seed: 10844859067256298777

14935 Armakuni the Caregiver (level 12, 83/83 HPs)
             Began as a Djinni Ice Elementalist on Mar 24, 2021.
             Was a Believer of Elyvilon.
             Quit the game on level 11 of the Dungeon on Mar 27, 2021.
             The game lasted 00:51:47 (11816 turns).

Armakuni the Caregiver (Djinni Ice Elementalist)   Turns: 11816, Time: 00:51:47

Health: 83/83      AC: 16    Str: 13    XL:     12   Next: 21%
Gold:   981        EV: 12    Int: 16    God:    Elyvilon [**....] SH:  6 Dex: 16

rFire    + . .     SeeInvis +   a - staff of cold
rCold    + . .     Faith    +   d - +1 buckler
rNeg     + . .     Spirit   .   c - +6 troll leather armour "Sucaeq" {Will+ Regen+ MP+9 SInv Stlth+}
rPois    ∞         Reflect  .   e - +0 helmet
rElec    .         Harm     .   (no cloak)
rCorr    .         Rampage  .   q - +0 pair of gloves {Stlth+}
Will     ++...                  (boots unavailable)
Stlth    ++++......             U - amulet of faith
HPRegen  1.23/turn              J - ring of ice
MPRegen  0.00/turn              j - ring of positive energy

@: flying
A: fire resistance 2, cold vulnerability 1, float, innate caster, hp casting,
extra vitality 1, rugged brown scales 1, yellow scales 1, strong 1, wild magic 1
a: Renounce Religion, Lesser Healing, Heal Other, Divine Protection


You were on level 11 of the Dungeon.
You worshipped Elyvilon.
Elyvilon was pleased with you.
You visited 2 branches of the dungeon, and saw 12 of its levels.

You collected 2802 gold pieces.
You spent 1821 gold pieces at shops.

Inventory:

Missiles
 i - 17 curare-tipped darts
 l - 2 throwing nets
Armour
 c - the +6 troll leather armour "Sucaeq" (worn) {Will+ Regen+ MP+9 SInv Stlth+}
   (You bought it in a shop on level 2 of the Dungeon)

   It affects your willpower, your defense against some magical effects.
   It affects your magic capacity (+9).
   It lets you see invisible.
   It increases your rate of regeneration.
   It makes you more stealthy.
 d - a +1 buckler (worn)
 e - a +0 helmet (worn)
 q - a +0 pair of gloves of stealth (worn)
Magical Staves
 a - a staff of cold (weapon)
Jewellery
 j - a ring of positive energy (right hand)
 s - a +6 ring of dexterity
 J - a ring of ice (left hand)
 U - an amulet of faith (around neck)
Scrolls
 b - a scroll of magic mapping
 f - 3 scrolls of enchant armour
 h - 4 scrolls of teleportation
 k - a scroll of holy word
 p - a scroll of vulnerability
 t - 2 scrolls of fear
 v - a scroll of enchant weapon
 y - a scroll of brand weapon
Potions
 g - 5 potions of curing
 m - 3 potions of ambrosia
 n - a potion of lignification
 o - 2 potions of resistance
 r - 4 potions of heal wounds


   Skills:
 - Level 5.0 Fighting
 + Level 7.4 Staves
 - Level 5.0 Armour
 - Level 2.1 Dodging
 - Level 1.5 Stealth
 - Level 4.0 Shields
 - Level 8.5 Spellcasting
 - Level 10.0 Invocations
 + Level 8.1 Evocations


You couldn't memorise any spells.
You knew the following spells:

 Your Spells              Type           Power      Damage    Failure   Level
a - Beastly Appendage     Tmut           88%        N/A       1%          1
b - Call Imp              Summ           44%        N/A       1%          2
c - Confusing Touch       Hex            44%        N/A       2%          3
d - Cause Fear            Hex            22%        N/A       7%          4
e - Olgreb's Toxic Radia  Pois           44%        N/A       7%          4
h - Hailstorm             Conj/Ice       78%        3d16      7%          4
n - Summon Ice Beast      Ice/Summ       78%        N/A       7%          4
o - Ozocubu's Armour      Ice            78%        N/A       2%          3
r - Frozen Ramparts       Ice            100%       1d12      2%          3
z - Freeze                Ice            100%       1d11      1%          1
Your spell library was empty.

Dungeon Overview and Level Annotations

Branches:
Dungeon (11/15)            Temple (1/1) D:7            Lair (0/6) D:11
    Orc (0/2) D:9

Altars:
Ashenzari
Cheibriados
Dithmenos
Elyvilon
Fedhas
Gozag
Hepliaklqana
Kikubaaqudgha
Makhleb
Nemelex Xobeh
Okawaru
Qazlal
Ru
Sif Muna
Trog
Uskayaw
Vehumet
Wu Jian
Xom
Yredelemnul
Zin
The Shining One

Shops:
D:1 ?=   D:2 [([(   D:4 =   D:7 =   D:11 [


Innate Abilities, Weirdness & Mutations

You are immune to poison.
Your flesh is very heat resistant. (rF++)
You are vulnerable to cold. (rC-)
You float through the air rather than walking.
You learn spells naturally, not from books.
Your magical power is your life essence.
You have superior vitality. (+4 HP)
You are partially covered in rugged brown scales. (AC +1, +3% HP)
You are partially covered in yellow scales. (AC +2)
Your muscles are strong. (Str +2)
Your spells are a little harder to cast, but a little more powerful.


Message History

The centaur warrior zombie is lightly damaged.
The centaur warrior zombie hits you but does no damage.
You block the centaur warrior zombie's attack.
You hit the centaur warrior zombie.
The centaur warrior zombie is lightly damaged.
The centaur warrior zombie barely misses you.
The centaur warrior zombie kicks you but does no damage.
You hit the centaur warrior zombie but do no damage.
The centaur warrior zombie is lightly damaged.
The centaur warrior zombie closely misses you.
The centaur warrior zombie kicks you but does no damage.
You hit the centaur warrior zombie but do no damage.
The centaur warrior zombie is lightly damaged.
The centaur warrior zombie hits you but does no damage.
The centaur warrior zombie kicks you.
You hit the centaur warrior zombie.
The centaur warrior zombie is moderately damaged.
You block the centaur warrior zombie's attack.
The centaur warrior zombie kicks you.
You hit the centaur warrior zombie but do no damage.
The centaur warrior zombie is moderately damaged.
You block the centaur warrior zombie's attack.
The centaur warrior zombie kicks you but does no damage.
You hit the centaur warrior zombie.
The centaur warrior zombie is moderately damaged.
The centaur warrior zombie misses you.
You block the centaur warrior zombie's attack.
You hit the centaur warrior zombie.
The centaur warrior zombie is moderately damaged.
The centaur warrior zombie hits you but does no damage.
The centaur warrior zombie kicks you but does no damage.
You hit the centaur warrior zombie.
The centaur warrior zombie is moderately damaged.
The centaur warrior zombie misses you.
The centaur warrior zombie kicks you but does no damage.
You hit the centaur warrior zombie.
The centaur warrior zombie is moderately damaged.
The centaur warrior zombie hits you but does no damage.
The centaur warrior zombie barely misses you.
Are you sure you want to abandon this character and quit the game? (Confirm with "yes".)

#. #=# #..# # ...##
#.........#### ....
+.........+... # ..#
.........#### #. #Z#
....... # #.##@#
...>. #....# ...
###..# #'########
#..# #........#
#)###..#
###.######.#
#......#
#.......##.#
#####.##
#....##.##.# #.#
#.....#.##.#
##.######....##.##.#


You could see a centaur warrior zombie.

Vanquished Creatures
  Josephine (D:10)
  A centaur warrior (D:11)
  A two-headed ogre (D:10)
  Sonja (D:10)
  A cane toad (shapeshifter) (D:11)
  A kobold demonologist (D:11)
  3 trolls (D:11)
  2 slime creatures (D:10)
  5 wraiths (D:10)
  21 yaks
  2 steam dragons
  7 vampire mosquitoes
  6 orc warriors
  2 sky beasts
  A necrophage (D:6)
  4 ogres
  A centaur (D:5)
  2 kobold brigands (D:9)
  A bullfrog (D:7)
  A water moccasin skeleton (D:5)
  A scorpion (D:5)
  16 killer bees
  A howler monkey (D:11)
  13 wights
  2 electric eels (D:10)
  A centaur zombie (D:9)
  3 jellies
  2 bullfrog skeletons
  4 hounds
  9 orc priests
  A centaur skeleton (D:5)
  An iguana (D:6)
  Natasha (thrice) (D:3)
  6 orc wizards
  3 removed worker ants
  A mummy (D:5)
  2 howler monkey zombies
  2 adders
  2 ufetubi (D:6)
  An adder zombie (D:5)
  An adder skeleton (D:2)
  A dart slug (D:4)
  A worm (D:2)
  25 orcs
  6 ball pythons
  4 bats
  4 endoplasms
  4 giant cockroaches
  7 goblins
  2 hobgoblins
  13 jackals
  15 kobolds
  5 quokkas
  A frilled lizard (D:1)
  2 hobgoblin zombies (D:5)
  7 rats
236 creatures vanquished.

Vanquished Creatures (collateral kills)
  2 two-headed ogres
  2 gargoyles
  A necrophage (D:7)
  A centaur (D:10)
  A phantom (D:5)
  A water moccasin zombie (D:5)
  11 wights
  2 electric eels (D:10)
  A centaur skeleton (D:7)
  An orc (D:7)
23 creatures vanquished.

Vanquished Creatures (others)
  A wight (D:7)
  An adder (D:5)
  6 plants (D:2)
8 creatures vanquished.

Grand Total: 267 creatures vanquished

Notes
Turn   | Place    | Note
-------+----------+-------------------------------------------
     0 | D:1      | Armakuni the Djinni Ice Elementalist began the quest for
                  | the Orb.
     0 | D:1      | Reached XP level 1. HP: 15/15 MP: 0/0
   212 | D:1      | Reached XP level 2. HP: 19/21 MP: 0/0
   669 | D:1      | Found Gani's Magic Scroll Shop.
   671 | D:1      | Reached XP level 3. HP: 20/25 MP: 0/0
   671 | D:1      | Learned a level 1 spell: Beastly Appendage
   678 | D:1      | Bought a scroll of teleportation for 36 gold pieces
   704 | D:1      | Bought a scroll of identify for 24 gold pieces
   745 | D:1      | Found Qyshreka's Jewellery Shop.
  1429 | D:2      | Found Nakhlyzxu's Weapon Shoppe.
  1443 | D:2      | Found Ovunke's Antique Armour Emporium.
  2061 | D:2      | Reached XP level 4. HP: 29/31 MP: 0/0
  2080 | D:2      | Found Ushomib's Antique Weapon Emporium.
  2129 | D:2      | Found Seacsunu's Armour Shop.
  2518 | D:3      | Reached skill level 5 in Spellcasting
  2518 | D:3      | Reached XP level 5. HP: 23/35 MP: 0/0
  2518 | D:3      | Learned a level 2 spell: Call Imp
  2917 | D:3      | Noticed a phantom
  3305 | D:3      | Noticed Natasha
  3312 | D:3      | Killed Natasha
  3551 | D:3      | Noticed Natasha
  3558 | D:3      | Killed Natasha
  3559 | D:3      | Reached XP level 6. HP: 22/40 MP: 0/0
  3770 | D:3      | Noticed Natasha
  3777 | D:3      | Killed Natasha
  4432 | D:4      | Found Pofe's Jewellery Boutique.
  4456 | D:4      | Identified 2 scrolls of acquirement
  4456 | D:4      | Acquired 1179 gold pieces
  4601 | D:2      | Bought the +6 troll leather armour "Sucaeq" {Will+ Regen+
                  | MP+9 SInv Stlth+} for 1085 gold pieces
  4617 | D:2      | Acquired a staff of cold
  4662 | D:2      | Bought a buckler for 90 gold pieces
  5031 | D:4      | Reached skill level 1 in Armour
  5031 | D:4      | Reached skill level 1 in Shields
  5031 | D:4      | Reached XP level 7. HP: 44/45 MP: 0/0
  5031 | D:4      | Learned a level 3 spell: Confusing Touch
  5264 | D:5      | Entered Level 5 of the Dungeon
  5357 | D:5      | Found a sand-covered staircase.
  5419 | D:5      | Gained mutation: Potions are less effective at restoring
                  | your health. [potion of mutation]
  5419 | D:5      | Gained mutation: You have sharp fingernails. [potion of
                  | mutation]
  5419 | D:5      | Gained mutation: You passively map a small area around you.
                  | [potion of mutation]
  5420 | D:5      | Lost mutation: You passively map a small area around you.
                  | [potion of mutation]
  5420 | D:5      | Lost mutation: You have sharp fingernails. [potion of
                  | mutation]
  5420 | D:5      | Lost mutation: Potions are less effective at restoring your
                  | health. [potion of mutation]
  5420 | D:5      | Gained mutation: You are partially covered in yellow
                  | scales. (AC +2) [potion of mutation]
  5420 | D:5      | Gained mutation: Your muscles are strong. (Str +2) [potion
                  | of mutation]
  5420 | D:5      | Gained mutation: Your spells are a little harder to cast,
                  | but a little more powerful. [potion of mutation]
  5420 | D:5      | Gained mutation: You are partially covered in rugged brown
                  | scales. (AC +1, +3% HP) [potion of mutation]
  5526 | D:5      | Reached XP level 8. HP: 51/51 MP: 0/0
  6332 | D:6      | Reached skill level 5 in Armour
  6352 | D:6      | Found a bloodstained altar of Trog.
  6980 | D:7      | Reached XP level 9. HP: 56/56 MP: 0/0
  6980 | D:7      | Learned a level 4 spell: Cause Fear
  7066 | D:7      | Upgraded the game from 0.27-a0-760-gc38aae387d to
                  | 0.27-a0-789-g6bb3289e1e
  7079 | D:7      | Found a staircase to the Ecumenical Temple.
  7093 | Temple   | Entered the Ecumenical Temple
  7308 | D:7      | Reached skill level 1 in Fighting
  7308 | D:7      | Reached skill level 1 in Evocations
  7494 | D:7      | Reached skill level 1 in Staves
  7654 | D:7      | Found Nuilohar's Jewellery Boutique.
  8781 | D:9      | Reached XP level 10. HP: 40/71 MP: 0/0
  8881 | D:9      | Found an opulent altar of Gozag.
  8881 | D:9      | Found a hazy altar of Hepliaklqana.
  8881 | D:9      | Found a sparkling altar of Nemelex Xobeh.
  9026 | Temple   | Became a worshipper of Elyvilon the Healer
  9220 | D:9      | Reached skill level 5 in Fighting
  9225 | D:9      | Reached skill level 5 in Evocations
  9253 | D:9      | Reached skill level 5 in Staves
  9377 | D:9      | Found a staircase to the Orcish Mines.
  9500 | D:9      | Reached * piety under Elyvilon
  9684 | D:10     | Entered Level 10 of the Dungeon
  9691 | D:10     | Acquired 891 gold pieces
  9768 | D:10     | Noticed Josephine
  9792 | D:10     | Killed Josephine
  9864 | D:10     | Reached skill level 1 in Invocations
  9864 | D:10     | Reached XP level 11. HP: 77/77 MP: 0/0
  9864 | D:10     | Learned a level 4 spell: Olgreb's Toxic Radiance
  9866 | D:10     | Reached skill level 2 in Invocations
  9890 | D:10     | Reached skill level 3 in Invocations
  9907 | D:10     | Found a shadowy altar of Dithmenos.
  9935 | D:10     | Reached skill level 4 in Invocations
 10070 | D:10     | Noticed a two-headed ogre
 10085 | D:10     | Killed a two-headed ogre
 10086 | D:10     | Reached skill level 5 in Invocations
 10225 | D:10     | Noticed Sonja
 10234 | D:10     | Killed Sonja
 10235 | D:10     | Reached skill level 6 in Invocations
 10474 | D:10     | Upgraded the game from 0.27-a0-789-g6bb3289e1e to
                  | 0.27-a0-797-g27d10ad80f
 10536 | D:10     | Noticed a two-headed ogre
 10577 | D:10     | Killed a two-headed ogre
 10578 | D:10     | Reached skill level 7 in Invocations
 10943 | D:10     | Reached ** piety under Elyvilon
 11009 | D:11     | Reached skill level 8 in Invocations
 11034 | D:11     | Noticed a centaur warrior
 11046 | D:11     | Killed a centaur warrior
 11096 | D:11     | Reached skill level 9 in Invocations
 11122 | D:11     | Noticed a two-headed ogre
 11133 | D:11     | Killed a two-headed ogre
 11332 | D:11     | Found a staircase to the Lair.
 11380 | D:11     | Found Muizxel's Antique Armour Boutique.
 11386 | D:11     | Bought a pair of ichor-stained gloves for 218 gold pieces
 11386 | D:11     | Identified the -3 pair of gloves of Uskayaw's Inspiration
                  | {rF+ Str+3} (You bought it in a shop on level 11 of the
                  | Dungeon)
 11399 | D:11     | Bought an emerald-encrusted scale mail for 207 gold pieces
 11399 | D:11     | Identified the +0 scale mail of the Wheelwright {Regen+
                  | Slay+2} (You bought it in a shop on level 11 of the
                  | Dungeon)
 11442 | D:11     | Reached XP level 12. HP: 76/83 MP: 0/0
 11444 | D:11     | Reached skill level 10 in Invocations
 11470 | D:11     | Bought a warped leather armour for 161 gold pieces
 11470 | D:11     | Identified the +1 leather armour of the Vaults {*Contam rC+
                  | rN+ Dex+8} (You bought it in a shop on level 11 of the
                  | Dungeon)
 11816 | D:11     | Quit the game

Illustrated notes

Levels and vault maps discovered:
D:1:      evilmike_arrival_home_sweet_home, layout_rooms, serial_shops,
          nicolae_shop_waterfront, nicolae_shop_crystal, minmay_misc_feat_rows
D:2:      layout_loops_cross, serial_forest, infiniplex_forest_clump_double,
          infiniplex_forest_lined_corner, infiniplex_forest_straight_3,
          infiniplex_forest_clump_curved, infiniplex_forest_lined_corner,
          infiniplex_forest_clump_diagonal, infiniplex_forest_clump_large,
          infiniplex_forest_lined_room_2, serial_shops, shop_statue,
          nicolae_shop_behind_doors, shop, nicolae_shop_waterfront
D:3:      layout_loops_ring, uniq_natasha
D:4:      layout_basic, serial_shops, nicolae_shop_trees
D:5:      layout_cave_pools, nicolae_ossuary_entry_giza,
          kennysheep_cross_bottleneck, minivault_25, minivault_27,
          kennysheep_dice
D:6:      layout_loops_ring, bloody_trog
D:7:      layout_basic, minmay_temple_entry_tees, serial_shops, shop,
          serial_co_window_serial, co_window_of_opportunity_a,
          co_window_paths_a, co_window_corner_a, co_window_paths_b,
          co_window_of_opportunity_a, co_window_of_opportunity_c,
          co_window_corner_b, co_window_broadway_a, co_window_paths_e
D:8:      layout_basic, serial_park_tiny_pond, serial_bayou_pond_c
D:9:      layout_basic, kennysheep_mini,
          chequers_temple_overflow_statue_of_worship, david_orc_4
D:10:     layout_basic, grunt_dithmenos_smoke, uniq_josephine, uniq_sonja
D:11:     layout_loops_corners, lair_entry_dummy, serial_shops, shop_fountains,
          st_stairs_11, wad_floor_pattern_2, minmay_hedge_maze, minivault_20,
          kennysheep_cluttered_room
Temple:   regret_index_temple_mists

Skill      XL: |  1  2  3  4  5  6  7  8  9 10 11 12 |
---------------+-------------------------------------+-----
Spellcasting   | 4 5 6 7 8 |  8.5
Armour         | 1 2 5 |  5.0
Shields        | 1 4 |  4.0
Fighting       | 4 5 |  5.0
Evocations     | 4 7 8 |  8.1
Staves         | 3 6 7 |  7.4
Invocations    | 1 9 10 | 10.0
Dodging        | |  2.1
Stealth        | |  1.5

Action                   |  1- 3 |  4- 6 |  7- 9 | 10-12 || total
-------------------------+-------+-------+-------+-------++-------
Melee: Dagger            |    20 |    26 |       |       ||    46
       Staff             |       |    34 |   306 |   369 ||   709
Throw: Dart              |       |       |     5 |       ||     5
 Cast: Freeze            |    60 |    40 |    42 |     7 ||   149
       Frozen Ramparts   |       |     8 |    29 |    36 ||    73
       Ozocubu's Armour  |       |     1 |    10 |    13 ||    24
       Call Imp          |       |       |     7 |       ||     7
       Hailstorm         |       |       |     2 |     4 ||     6
       Summon Ice Beast  |       |       |    14 |    11 ||    25
       Olgreb's Toxic Ra |       |       |       |     3 ||     3
       Confusing Touch   |       |       |       |     1 ||     1
Invok: Lesser Healing    |       |       |       |    15 ||    15
Evoke: Wand              |       |     3 |     7 |     2 ||    12
  Use: Scroll            |     4 |     6 |     1 |     7 ||    18
       Potion            |       |       |     4 |     3 ||     7
 Stab: Distracted        |       |     1 |     1 |       ||     2
       Sleeping          |       |       |     5 |     2 ||     7
Armor: Robe              |    12 |    12 |       |       ||    24
       Troll leather arm |       |    12 |   165 |   177 ||   354
Dodge: Dodged            |    51 |    55 |   203 |   170 ||   479
Block: Buckler           |       |    10 |   117 |    98 ||   225

Table legend: (Time is in decaauts)
 A = Elapsed time spent in this place.
 B = Non-inter-level travel time spent in this place.
 C = Inter-level travel time spent in this place.
 D = Time resting spent in this place.
 E = Time spent auto-exploring this place.
 F = Levels seen in this place.
 G = Mean time per level.
                   A        B        C        D        E       F      G
               +--------+--------+--------+--------+--------+-----+--------+
         Total |  11870 |  11247 |    623 |   1974 |   6113 |  12 |  989.2 |
       Dungeon |  11663 |  11084 |    579 |   1974 |   5961 |  11 | 1060.3 |
        Temple |    207 |    163 |     44 |      0 |    152 |   1 |  207.0 |
               +--------+--------+--------+--------+--------+-----+--------+

Top non-repeatable levels by time:
     D:3: 1562 daAuts
     D:2: 1349 daAuts
    D:10: 1283 daAuts
     D:4: 1253 daAuts
     D:1: 1120 daAuts
     D:5: 1052 daAuts
     D:8: 875 daAuts
     D:7: 856 daAuts
    D:11: 831 daAuts
     D:9: 814 daAuts
     D:6: 662 daAuts
  Temple: 207 daAuts
